 Dungeon Crawl Stone Soup version 0.31-a0-1308-ga3cce3a448 (webtiles) character file.

Game seed: 16125999859335566515

356 jasper the Magician (level 6, 0/41 HPs)
             Began as a Mummy Necromancer on Dec 19, 2023.
             Slain by a phantom (3 damage)
             ... on level 4 of the Dungeon.
             The game lasted 00:06:01 (3958 turns).

jasper the Magician (Mummy Necromancer)             Turns: 3958, Time: 00:06:01

Health: 0/41       AC:  2    Str: 11    XL:     6   Next: 36%
Magic:  15/15      EV: 12    Int: 16    God:
Gold:   144        SH:  0    Dex: 13    Spells: 10/17 levels left

rFire   x . .        j - +0 halberd
rCold   + . .        (shield currently unavailable)
rNeg    + + +        a - +0 robe
rPois   ∞            (no helmet)
rElec   .            (no cloak)
rCorr   +            (no gloves)
SInv    .            (no boots)
Will    .....        (no amulet)
Stlth   ++           k - ring of resist corrosion
HPRegen 0.26/turn    (no ring)
MPRegen 0.14/turn

%: faith
@: no status effects
A: cold resistance 1, negative energy resistance 3, torment resistance 2, heat
vulnerability 1, in touch with death 1, no potions, faith
a: no special abilities


You were on level 4 of the Dungeon.
You visited 1 branch of the dungeon, and saw 4 of its levels.

You collected 144 gold pieces.

Inventory:

Hand Weapons
 c - a +0 dagger
 d - a +0 short sword
 j - a +0 halberd (weapon)
 p - a +0 dagger
Missiles
 h - 12 poisoned darts
 i - a throwing net
Armour
 a - a +0 robe (worn)
Jewellery
 k - a ring of resist corrosion (left hand)
Wands
 l - a wand of flame (25)
Scrolls
 b - 4 scrolls of teleportation {unknown}
 e - a scroll of immolation {unknown}
 f - 2 scrolls of noise {unknown}
 g - 4 scrolls of identify {unknown}
 m - a scroll of enchant weapon {unknown}
 n - a scroll of brand weapon {unknown}
 o - 2 scrolls of fog {unknown}
 q - 2 scrolls of blinking {unknown}


   Skills:
 - Level 1.5 Dodging
 - Level 1.5 Stealth
 + Level 6.2 Spellcasting
 + Level 2.0 Conjurations
 - Level 4.5 Necromancy
 + Level 2.0 Earth Magic


You had 10 spell levels left.
You knew the following spells:

 Your Spells              Type           Power      Damage    Failure   Level
a - Necrotise             Necr           100%       1d9       2%          1
b - Vampiric Draining     Necr           29%        2d8       6%          3
c - Stone Arrow           Conj/Erth      22%        3d8       17%         3

Your spell library contained the following spells:

 Spells                   Type           Power      Damage    Failure   Level
 Magic Dart               Conj           44%        1d5       6%          1
 Call Imp                 Summ           10%        N/A       21%         2
 Animate Dead             Necr           29%        N/A       22%         4
 Mephitic Cloud           Conj/Pois/Air  7%         N/A       30%         3
 Agony                    Necr           29%        N/A       52%         5
 Animate Armour           Summ/Erth      16%        N/A       65%         4
 Lehudib's Crystal Spear  Conj/Erth      5%         10d3      100%        8


Dungeon Overview and Level Annotations

Branches:
Dungeon (4/15)
 Temple: D:4-7

Altars:
Cheibriados
Gozag
Trog
Xom


Innate Abilities, Weirdness & Mutations

You are immune to poison.
Your flesh is cold resistant. (rC+)
You are immune to negative energy. (rN+++)
You are immune to unholy pain and torment.
You are vulnerable to heat. (rF-)
You are in touch with the powers of death.
You do not drink.
You have a special connection with the divine. (Faith)


Message History

The phantom hits you!
The phantom blinks!
You blink.
You take 7 damage, and have 34/41 hp.
You swap places.
Your ball python skeleton closely misses the phantom.
The phantom closely misses you.
Your ball python skeleton barely misses the phantom.
The phantom hits you!
The phantom blinks!
You blink.
You take 7 damage, and have 27/41 hp.
You hit the phantom but do no damage. The phantom hits you.
You take 3 damage, and have 24/41 hp.
You closely miss the phantom. The phantom hits you.
The phantom blinks!
You blink.
The phantom closely misses you.
You take 4 damage, and have 20/41 hp.
You closely miss the phantom. The phantom hits you.
You take 1 damage, and have 19/41 hp.
You completely miss the phantom.
Your ball python skeleton crumbles into dust!
The phantom closely misses you. The phantom hits you.
The phantom blinks!
You blink.
You take 2 damage, and have 17/41 hp.
The phantom barely misses you.
You puncture the phantom!
The phantom is moderately damaged.
The phantom hits you.
You take 1 damage, and have 16/41 hp.
You hit the phantom.
The phantom is moderately damaged.
The phantom hits you. The phantom closely misses you.
You closely miss the phantom.
The phantom is moderately damaged.
The phantom misses you.
You closely miss the phantom.
The phantom is moderately damaged.
The phantom hits you!
* * * LOW HITPOINT WARNING * * *
The phantom blinks!
You blink.
The phantom hits you!
* * * LOW HITPOINT WARNING * * *
You take 14 damage, and have 2/41 hp.
MASSIVE DAMAGE!!
The phantom attacks as it pursues you! The phantom hits you.
You die...

#################
#...#...........##
########...#............#
#.............#............#
.............#............##
..........§..#..............
#'########...#.............# #.
#...#......>......#
#.########.@.#.............#
####.#>.........W.#.............#
#...........###...#..............
.....#.####.##..#................
.... #. #.....#############)#..
.. #. ####......## #.#.# ##
#..###..# #.#.# #..#
#.########.#.# ...#
#.............


You could see a phantom.

Vanquished Creatures
  A scorpion (D:4)
  A howler monkey (D:4)
  An orc priest (D:4)
  Ijyb (D:3)
  An orc wizard (D:4)
  4 adders
  4 gnolls (D:2)
  A worm (D:2)
  2 dart slugs (D:3)
  4 orcs (D:4)
  9 ball pythons
  4 endoplasms
  9 giant cockroaches
  3 goblins
  13 hobgoblins
  3 quokkas
  5 bats
  4 frilled lizards
  7 kobolds
  2 rats (D:1)
79 creatures vanquished.

Vanquished Creatures (collateral kills)
  An adder (D:4)
  A gnoll (D:2)
  A ball python (D:2)
  2 goblins (D:4)
5 creatures vanquished.

Vanquished Creatures (others)
  An arcanist (D:3)
1 creature vanquished.

Grand Total: 85 creatures vanquished

Notes
Turn   | Place    | Note
-------+----------+-------------------------------------------
     0 | D:1      | jasper the Mummy Necromancer began the quest for the Orb.
     0 | D:1      | Reached XP level 1. HP: 13/13 MP: 4/4
     6 | D:1      | Reached skill level 3 in Spellcasting
   143 | D:1      | Found a faded altar of an unknown god.
   161 | D:1      | Reached XP level 2. HP: 12/19 MP: 0/6
   427 | D:1      | Reached skill level 4 in Spellcasting
   770 | D:1      | Reached XP level 3. HP: 24/24 MP: 5/8
   774 | D:1      | Learned a level 3 spell: Vampiric Draining
  1490 | D:2      | Reached skill level 5 in Spellcasting
  1490 | D:2      | Reached XP level 4. HP: 24/30 MP: 3/11
  1712 | D:2      | Found an opulent altar of Gozag.
  1779 | D:2      | Learned a level 3 spell: Stone Arrow
  1917 | D:2      | Identified the +0 scale mail "Jalum" {rN+++ Str+5 Int-4}
  2107 | D:3      | Noticed Ijyb
  2116 | D:3      | Killed Ijyb
  2117 | D:3      | Reached XP level 5. HP: 19/35 MP: 5/13
  2245 | D:3      | Found a bloodstained altar of Trog.
  2251 | D:3      | Noticed an arcanist
  2257 | D:3      | Killed an arcanist
  2333 | D:3      | Found a shimmering altar of Xom.
  2335 | D:3      | Found a snail-covered altar of Cheibriados.
  2868 | D:3      | Reached skill level 1 in Conjurations
  2868 | D:3      | Reached skill level 1 in Earth Magic
  3725 | D:4      | Reached skill level 6 in Spellcasting
  3725 | D:4      | Reached XP level 6. HP: 36/41 MP: 4/15
  3957 | D:4      | HP: 2/41 [phantom (7)]
  3958 | D:4      | Slain by a phantom

Illustrated notes

Levels and vault maps discovered:
D:1:      dpeg_arrival_prison, layout_basic, chequers_ecumenical_altar_island,
          minmay_misc_feat_columns, corexii_corridor_pit
D:2:      layout_basic, basic_altar
D:3:      layout_loops_corners, trog_wizard, mainiacjoe_overflow_catwalk_spiral,
          serial_bayou_lagoon_a, uniq_ijyb
D:4:      layout_basic

Skill      XL: |  1  2  3  4  5  6 |
---------------+-------------------+-----
Spellcasting   | 3 4 5 6 |  6.2
Conjurations   | 1 2 |  2.0
Earth Magic    | 1 2 |  2.0
Dodging        | |  1.5
Stealth        | |  1.5
Necromancy     | |  4.5

Action                     |  1- 3 |  4- 6 || total
---------------------------+-------+-------++-------
  Melee: Unarmed           |     9 |       ||     9
         Halberd           |       |    37 ||    37
         Short sword       |       |     2 ||     2
   Cast: Necrotise         |    61 |    67 ||   128
         Vampiric Draining |       |    10 ||    10
   Stab: Sleeping          |       |     1 ||     1
 Armour: Robe              |    12 |    48 ||    60
  Dodge: Dodged            |    15 |    55 ||    70

Table legend: (Time is in decaauts)
 A = Elapsed time spent in this place.
 B = Non-inter-level travel time spent in this place.
 C = Inter-level travel time spent in this place.
 D = Time resting spent in this place.
 E = Time spent auto-exploring this place.
 F = Levels seen in this place.
 G = Mean time per level.
                   A        B        C        D        E       F      G
               +--------+--------+--------+--------+--------+-----+--------+
         Total |   3985 |   3886 |     99 |     31 |   3316 |   4 |  996.2 |
       Dungeon |   3985 |   3886 |     99 |     31 |   3316 |   4 |  996.2 |
               +--------+--------+--------+--------+--------+-----+--------+

Top non-repeatable levels by time:
     D:3: 1288 daAuts
     D:1: 1244 daAuts
     D:2: 737 daAuts
     D:4: 715 daAuts
